 Dungeon Crawl Stone Soup version 0.30-b1-2-g02819fbbbe (webtiles) character file.

Game seed: 16703362193033949981

9 Alarkh the Charlatan (level 2, 22/22 HPs)
             Began as a Demonspawn Artificer on Nov 26, 2023.
             Got out of the dungeon alive.
             The game lasted 00:00:19 (274 turns).

Alarkh the Charlatan (Demonspawn Artificer)          Turns: 274, Time: 00:00:20

Health: 22/22      AC:  3    Str: 12    XL:     2   Next: 3%
Magic:  2/2        EV: 11    Int: 12    God:
Gold:   31         SH:  4    Dex: 13    Spells: 1/1 levels left

rFire   . . .        a - +0 club
rCold   . . .        (no shield)
rNeg    . . .        b - +0 leather armour
rPois   .            (no helmet)
rElec   .            (no cloak)
rCorr   .            (no gloves)
SInv    .            (no boots)
Will    .....        (no amulet)
Stlth   +            (no ring)
HPRegen 0.23/turn    (no ring)
MPRegen 0.08/turn

%: no passive effects
@: no status effects
A: condensation shield
a: no special abilities


You escaped.
You visited 1 branch of the dungeon, and saw 1 of its levels.

You collected 31 gold pieces.

Inventory:

Hand Weapons
 a - a +0 club (weapon)
Armour
 b - a +0 leather armour (worn)
Jewellery
 i - a +4 ring of protection
Wands
 c - a wand of flame (14) (quivered)
 d - a wand of charming (15)
 e - a wand of iceblast (5)
Scrolls
 f - a scroll of teleportation {unknown}
 g - 2 scrolls of identify {unknown}
 h - a scroll of enchant armour {unknown}


   Skills:
 + Level 2.1 Fighting
 - Level 1.7 Armour
 - Level 0.8 Dodging
 - Level 0.8 Stealth
 - Level 3.0 Evocations


You had one spell level left.
You didn't know any spells.
Your spell library was empty.

Dungeon Overview and Level Annotations

Branches:
Dungeon (1/15)

Altars:


Innate Abilities, Weirdness & Mutations

A meltable shield of frost defends you. (SH +4)


Message History

You now have 31 gold pieces (gained 7).
g - 2 scrolls labelled YJUONI FIFF (gained 1)
h - a scroll labelled SEEMO GU MATH A bat comes into view.
A bat is nearby!
A bat is nearby!
A bat is nearby!
You hit the bat but do no damage. The bat hits you but does no damage. x2
The bat closely misses you.
You closely miss the bat. The bat barely misses you. The bat misses you.
You barely miss the bat. The bat barely misses you. The bat closely misses you.
The bat hits you but does no damage. The bat hits you but does no damage.
You hit the bat.
You kill the bat!
No target in view!
No target in view!
No target in view!
No target in view!
No target in view!
No target in view!
An endoplasm comes into view.
Found a cabochon ring.
An endoplasm is nearby!
An endoplasm is nearby!
Found 3 javelins.
You hit the endoplasm.
The endoplasm is severely wounded.
The endoplasm freezes you.
You are frozen.
You hit the endoplasm.
You kill the endoplasm!
You have reached level 2!
Your demonic ancestry asserts itself...
Frost condenses into a shield before you.
i - a +4 ring of protection
There is a staircase leading out of the dungeon here.
Are you sure you want to leave the Dungeon?
This will make you lose the game!
You have escaped!

#................###...#........
.......####..............)....
######## #.####..##.......###..
# #..####..##....)......# #
...#.................### #
...................####
##########.####.###.....###
#....... .. ######...## ####.
..# .# #.@>.#....###..... .##
#....#.#.......... (#
#....#...#...##### ##
#....#...........# #
##....#..#...####.## #
#..####.##.### .. # #.## ##..#.#
#.# # #######.####...#.# ..#
#................######.##


There were no monsters in sight!

Vanquished Creatures
  An endoplasm (D:1)
  A goblin (D:1)
  A hobgoblin (D:1)
  A ball python (D:1)
  2 bats (D:1)
  A frilled lizard (D:1)
  2 kobolds (D:1)
9 creatures vanquished.

Notes
Turn   | Place    | Note
-------+----------+-------------------------------------------
     0 | D:1      | Alarkh the Demonspawn Artificer began the quest for the
                  | Orb.
     0 | D:1      | Reached XP level 1. HP: 15/15 MP: 1/1
   198 | D:1      | Gained mutation: A meltable shield of frost defends you.
                  | (SH +4) [demonic ancestry]
   198 | D:1      | Reached XP level 2. HP: 16/22 MP: 2/2
   274 | D:$      | Got out of the dungeon alive.

Illustrated notes

Levels and vault maps discovered:
D:1:      dpeg_arrival_fog, layout_rooms, serial_shops, shop

Skill      XL: |  1 |
---------------+----+-----
Fighting       | 2 |  2.1
Armour         | |  1.7
Dodging        | |  0.8
Stealth        | |  0.8
Evocations     | |  3.0

Action                     || total
---------------------------++-------
  Melee: Club              ||    23
  Evoke: Wand              ||     1
 Armour: Leather armour    ||     7
  Dodge: Dodged            ||    11
